 Dungeon Crawl Stone Soup version 0.30-a0-800-g7c544603b3 (webtiles) character file.

Game seed: 17289853057039961188

21041 Aneyh the Fighter (level 12, -8/77 HPs)
             Began as a Tengu Monk on Feb 22, 2023.
             Was an Elder of Hepliaklqana.
             Killed by an exploding themself (30 damage)
             ... ignited by their inner flame
             ... on level 13 of the Dungeon.
             The game lasted 00:36:19 (13252 turns).

Aneyh the Fighter (Tengu Monk)                     Turns: 13252, Time: 00:36:19

Health: -8/77      AC:  8    Str: 22    XL:     12   Next: 85%
Magic:  4/13       EV: 21    Int: 10    God:    Hepliaklqana [****..]
Gold:   341        SH:  0    Dex: 18    Spells: 5/11 levels left

rFire   . . .      SeeInvis .    a - +9 trident
rCold   . . .      Faith    .    (no shield)
rNeg    . . .      Spirit   .    v - +0 acid dragon scales
rPois   .          Reflect  .    e - +2 hat
rElec   .          Harm     .    (no cloak)
rCorr   +          Rampage  .    (no gloves)
Will    .....                    (boots unavailable)
Stlth   ++                       (no amulet)
HPRegen 0.32/turn                y - +6 ring of strength
MPRegen 0.13/turn                h - ring of wizardry

@: lethally poisoned (-8 -> -21), flying quickly and evasively, very slightly
contaminated, quick
A: reduced essence, beak, talons 3, nimble flight
a: Renounce Religion, Recall Ancestor, Ancestor Identity, Transference, Idealise


You were on level 13 of the Dungeon.
You worshipped Hepliaklqana.
Hepliaklqana was greatly pleased with you.
You visited 2 branches of the dungeon, and saw 13 of its levels.
You also visited: Gauntlet.

You collected 601 gold pieces.
You spent 260 gold pieces at shops.

Inventory:

Hand Weapons
 a - a +9 trident (weapon)
 b - a +0 arbalest
 c - a +2 halberd of venom
 q - a +1 double sword of freezing
 F - a +2 halberd of protection
 M - a +0 glaive
 O - a +0 scimitar
 Q - a +1 heavy morningstar
 S - the +9 broad axe of the Verdant God {venom, rC+ Will+ Int+3 Dex+4}
   (You found it on level 13 of the Dungeon)

   Int:       It affects your intelligence (+3).
   Dex:       It affects your dexterity (+4).
   rC:        It protects you from cold.
   Will:      It increases your willpower.
 V - a +5 war axe
Missiles
 G - 6 silver javelins
 U - a throwing net
 Z - 11 poisoned darts
Armour
 e - a +2 hat (worn)
 v - +0 acid dragon scales (worn)
 B - a +1 leather armour of cold resistance
Jewellery
 h - a ring of wizardry (right hand)
 n - a ring of protection from fire
 y - a +6 ring of strength (left hand)
 C - a ring of ice
 H - a ring of poison resistance
Wands
 s - a wand of iceblast (4)
 t - a wand of paralysis (13)
 w - a wand of polymorph (7)
 I - a wand of flame (35)
 R - a wand of light (8)
Scrolls
 o - 2 scrolls of poison
 E - 2 scrolls of silence
 J - a scroll of identify
 K - 2 scrolls of torment
 L - a scroll of magic mapping
 P - 2 scrolls of teleportation
 T - a scroll of amnesia {unknown}
 W - a scroll of brand weapon {unknown}
 X - 3 scrolls of noise
 Y - 3 scrolls of fear {unknown}
Potions
 d - a potion of heal wounds
 f - a potion of ambrosia
 g - 5 potions of haste
 i - 2 potions of magic {unknown}
 j - 3 potions of attraction
 k - 6 potions of flight
 l - 3 potions of cancellation
 m - 3 potions of lignification {unknown}
 p - a potion of berserk rage {unknown}
 r - a potion of degeneration {unknown}
 u - 2 potions of invisibility {unknown}
 x - 4 potions of curing {unknown}
 D - a potion of brilliance {unknown}
 N - a potion of resistance {unknown}
Miscellaneous
 z - a condenser vane
 A - a phantom mirror


   Skills:
 + Level 14.3 Fighting
 - Level 14.0 Polearms
 - Level 10.2 Dodging
 - Level 2.0 Stealth
 - Level 4.0 Summonings


You had 5 spell levels left.
You knew the following spells:

 Your Spells              Type           Power      Damage    Failure   Level
a - Call Canine Familiar  Summ           8%         N/A       12%         3
b - Summon Guardian Gole  Hex/Summ       4%         N/A       26%         3

Your spell library contained the following spells:

 Spells                   Type           Power      Damage    Failure   Level
 Summon Small Mammal      Summ           32%        N/A       4%          1
 Freeze                   Ice            0%         1d3       19%         1
 Necrotise                Necr           0%         1d4       19%         1
 Blink                    Tloc           0%         N/A       28%         2
 Lesser Beckoning         Tloc           0%         N/A       28%         2
 Momentum Strike          Conj/Tloc      0%         3d8       28%         2
 Dazzling Flash           Conj/Hex       0%         N/A       47%         3
 Frozen Ramparts          Ice            0%         1d1       47%         3
 Hailstorm                Conj/Ice       0%         3d3       47%         3
 Ozocubu's Armour         Ice            0%         N/A       47%         3
 Portal Projectile        Hex/Tloc       0%         N/A       47%         3
 Stone Arrow              Conj/Erth      0%         3d7       47%         3
 Vampiric Draining        Necr           0%         2d6       47%         3
 Animate Armour           Summ/Erth      8%         N/A       61%         4
 Summon Ice Beast         Ice/Summ       4%         N/A       61%         4
 Ice Form                 Ice/Tmut       0%         N/A       86%         4
 Iskenderun's Mystic Bla  Conj/Tloc      0%         2d3       86%         4
 Leda's Liquefaction      Hex/Erth       0%         N/A       86%         4
 Agony                    Necr           0%         N/A       99%         5
 Starburst                Conj/Fire      0%         6d3       100%        6
 Ozocubu's Refrigeration  Ice            0%         4d7       100%        7
 Lehudib's Crystal Spear  Conj/Erth      0%         10d2      100%        8


Dungeon Overview and Level Annotations

Branches:
Dungeon (13/15)            Temple (1/1) D:4         Gauntlet (visited)
   Lair: D:8-11         Orc: D:9-12      Vaults: D:13-14

Altars:
Ashenzari
Cheibriados
Dithmenos
Elyvilon
Fedhas
Gozag
Hepliaklqana
Kikubaaqudgha
Makhleb
Nemelex Xobeh
Okawaru
Qazlal
Ru
Sif Muna
Trog
Uskayaw
Vehumet
Wu Jian
Xom
Yredelemnul
Zin
The Shining One

Shops:
D:6 [   D:8 :   D:9 !=

Annotations:
D:3 1 runed translucent door, Crazy Yiuf
D:13 1 runed translucent door


Innate Abilities, Weirdness & Mutations

Your life essence is reduced to manifest your ancestor. (-10% HP)
You have a beak for a mouth.
You have claws for feet.
Your magical nature lets you fly swiftly and evasively.


Message History

A meliai comes into view. It is wielding a +1 heavy war axe.
Cynebald hits the meliai with a +0 flail.
The meliai barely misses you.
Cynebald blocks the meliai's attack.
The meliai closely misses you. The meliai completely misses you.
Cynebald blocks the meliai's attack.
The meliai stings you.
You are poisoned.
The meliai poisons you! The meliai attacks as you move away!
The meliai misses you.
Cynebald blocks the meliai's attack.
The meliai completely misses you.
You feel very sick. The meliai completely misses you.
The meliai closely misses Cynebald.
The meliai stings you but does no damage.
Cynebald hits the meliai with a +0 flail!
You swap places.
The meliai attacks as you move away! The meliai misses you.
The meliai completely misses Cynebald.
The meliai hits your guardian golem with a +0 war axe!
The meliai misses you.
You feel very sick.
The meliai hits Cynebald but does no damage.
The meliai hits your guardian golem with a +0 war axe!
Cynebald blocks the meliai's attack.
The meliai hits your guardian golem with a +0 war axe!
Cynebald blocks the meliai's attack.
The meliai stings your guardian golem but does no damage.
The meliai invokes the aid of its god against you.
Something smites you!
* * * LOW HITPOINT WARNING * * *
Your guardian golem overheats!
Cynebald hits the meliai with a +0 flail.
The meliai hits your guardian golem with a +0 war axe!
Your guardian golem disappears in a puff of smoke!
Cynebald blocks the meliai's attack.
Your guardian golem explodes!
The fiery explosion engulfs the meliai!!
The meliai dies!
You hear a splash. x2
The fiery explosion engulfs the meliai!!
The meliai dies!
The fiery explosion engulfs you!!
You die...

#.[~**#≈.≈#**~,~**#≈.~###
#..≈* #≈y≈# *≈.~* #≈.≈* #
*#.≈###≈.≈###≈.~**#≈.≈###
#.≈≈≈≈≈.≈≈≈≈≈.~~~≈≈.≈≈≈≈
#...............,.......
#.≈≈≈≈≈R≈≈≈≈≈.≈≈~≈≈.≈≈≈≈
#.≈###§§≈###≈.≈#*#≈.≈###
#.≈# #§§§# #≈.≈# #≈.≈# #
#.≈###§@§###≈.≈###≈.≈###
#.≈≈≈≈≈.≈≈≈≈≈.≈≈≈≈≈.≈≈≈≈
#.......................
#.≈≈≈≈≈.≈≈≈≈≈.≈≈≈≈≈.≈≈≈≈
#.≈###≈.≈###≈.≈###≈.≈###
#.≈# #≈.≈# #≈.≈# #R.≈# #
##.≈###≈.≈###≈.≈###≈.≈###
#..≈≈≈≈≈.≈≈≈≈≈.≈≈≈≈≈.≈≈≈≈
#........................


You could see the friendly Cynebald the knight (sheltered) and a meliai.

Vanquished Creatures
  A minotaur (Gauntlet)
  A boulder beetle (D:13)
  A centaur warrior (D:13)
  4 two-headed ogres
  An obsidian statue (Gauntlet)
  2 deep elf pyromancers
  Pikel (D:5)
  A manticore (D:13)
  An ugly thing (D:13)
  4 cyclopes
  2 unseen horrors (D:11)
  A kobold demonologist (D:13)
  A troll (D:12)
  6 slime creatures (D:12)
  2 water elementals (D:13)
  2 wraiths (D:12)
  8 yaks
  2 shadows (D:11)
  2 wyverns
  A basilisk (D:8)
  3 vampire mosquitoes
  Menkaure (D:6)
  2 humans (D:12)
  An acid dragon (D:11)
  3 water moccasins
  4 orc warriors
  2 sky beasts
  A black bear (D:5)
  2 ogres
  A wolf (Gauntlet)
  4 centaurs
  2 kobold brigands
  Blork the orc (D:6)
  2 bullfrogs
  A necrophage (D:7)
  2 gnoll sergeants
  2 wights (D:8)
  5 killer bees
  A vampire bat (D:5)
  2 electric eels (D:13)
  5 howler monkeys
  A hound (D:4)
  5 orc priests
  A gnoll bouda (D:6)
  3 jellies
  5 iguanas
  Terence (D:3)
  7 orc wizards
  3 nameless horrors
  7 adders
  7 gnolls
  A white imp (D:7)
  4 ufetubi
  A worm (D:4)
  3 dart slugs
  2 fire bats (D:5)
  29 orcs
  2 spectral bats (D:5)
  A bat simulacrum (D:5)
  3 bat skeletons (D:5)
  5 endoplasms
  7 giant cockroaches
  12 goblins
  6 hobgoblins
  6 ball pythons
  15 bats
  5 frilled lizards
  13 kobolds
  6 rats
252 creatures vanquished.

Vanquished Creatures (collateral kills)
  A deep elf pyromancer (D:11)
  A necromancer (Gauntlet)
  Joseph (D:7)
  A troll (D:12)
  A hornet (D:9)
  2 slime creatures (D:12)
  A vampire (D:12)
  A yak (D:11)
  A basilisk (D:12)
  A vampire mosquito (D:13)
  2 orc warriors
  A wolf (Gauntlet)
  A centaur (D:12)
  A lemure (D:5)
  A necrophage (D:6)
  2 scorpions
  A wight (D:8)
  2 orc wizards
  5 gnolls
  2 ufetubi (Gauntlet)
  A fire bat (D:5)
  3 orcs
  A bat zombie (D:5)
  2 kobolds (D:9)
36 creatures vanquished.

Vanquished Creatures (others)
  A sixfirhy (Gauntlet)
  2 meliai (D:13)
  A water elemental (D:13)
  A yak (D:11)
  A wolf (Gauntlet)
  An orc wizard (D:9)
  4 knights
  A plant (D:6)
12 creatures vanquished.

Grand Total: 300 creatures vanquished

Notes
Turn   | Place    | Note
-------+----------+-------------------------------------------
     0 | D:1      | Aneyh the Tengu Monk began the quest for the Orb.
     0 | D:1      | Reached XP level 1. HP: 14/14 MP: 2/2
   142 | D:1      | Reached XP level 2. HP: 19/19 MP: 3/3
   488 | D:1      | Reached XP level 3. HP: 23/23 MP: 4/4
   852 | D:2      | Reached skill level 5 in Polearms
   925 | D:2      | Found a faded altar of an unknown god.
  1108 | D:2      | Reached XP level 4. HP: 28/28 MP: 5/5
  1133 | D:2      | Found a burning altar of Makhleb.
  1836 | D:3      | Gained mutation: Your magical nature lets you fly swiftly
                  | and evasively. [Tengu growth]
  1836 | D:3      | Reached XP level 5. HP: 26/32 MP: 6/6
  2511 | D:3      | Noticed Terence
  2529 | D:3      | Killed Terence
  2752 | D:3      | Found a runed translucent door.
  2753 | D:3      | Noticed Crazy Yiuf
  3022 | D:4      | Reached XP level 6. HP: 17/37 MP: 7/7
  3525 | D:4      | Found a staircase to the Ecumenical Temple.
  3662 | Temple   | Entered the Ecumenical Temple
  3840 | Temple   | Became a worshipper of Hepliaklqana the Forgotten
  3840 | Temple   | Reached * piety under Hepliaklqana
  3840 | Temple   | Reached ** piety under Hepliaklqana
  3841 | Temple   | Remembered your ancestor Cynebald as a knight
  3920 | D:4      | Found a blossoming altar of Fedhas.
  4055 | D:5      | Entered Level 5 of the Dungeon
  4116 | D:5      | Reached XP level 7. HP: 27/36 MP: 8/8
  4157 | D:5      | Found a glowing golden altar of the Shining One.
  4258 | D:5      | Noticed Pikel
  4312 | D:5      | Killed Pikel
  4313 | D:5      | Reached skill level 10 in Polearms
  4313 | D:5      | Reached XP level 8. HP: 20/41 MP: 9/9
  4586 | D:5      | Found a sacrificial altar of Ru.
  4587 | D:5      | Found a bloodstained altar of Trog.
  4587 | D:5      | Found a shadowy altar of Dithmenos.
  4987 | D:6      | Found Uleonot's Antique Armour Shoppe.
  5125 | D:6      | Identified the +6 scale mail of Xicaw {Drain rN+ Dex+5}
  5403 | D:6      | Noticed Blork the orc
  5413 | D:6      | Killed Blork the orc
  5414 | D:6      | Reached XP level 9. HP: 37/45 MP: 10/10
  5527 | D:6      | Noticed Menkaure
  5536 | D:6      | Killed Menkaure
  5952 | D:7      | Noticed Joseph
  5963 | D:7      | Killed Joseph
  6311 | D:7      | Reached *** piety under Hepliaklqana
  6969 | D:7      | Reached skill level 5 in Fighting
  7371 | D:8      | Reached XP level 10. HP: 54/54 MP: 11/11
  7447 | D:8      | Noticed a cyclops
  7453 | D:8      | Killed a cyclops
  7462 | D:8      | Reached skill level 5 in Dodging
  7719 | D:8      | Noticed a two-headed ogre
  7730 | D:8      | Killed a two-headed ogre
  7888 | D:8      | Found a stormy altar of Qazlal.
  8370 | D:8      | Found Vufigat's Book Emporium.
  8378 | D:8      | Bought a book of the Hunter for 260 gold pieces
  8383 | D:8      | Learned a level 3 spell: Call Canine Familiar
  8449 | D:9      | Reached skill level 1 in Summonings
  8481 | D:9      | Found Fomester's Assorted Antiques.
  8546 | D:9      | Found Ilaeguyv's Jewellery Boutique.
  8988 | D:9      | Found Lace's Distillery.
  9014 | D:9      | You are sucked into a shaft and drop 2 floors!
  9069 | D:11     | Reached XP level 11. HP: 63/63 MP: 12/12
  9080 | D:11     | Reached **** piety under Hepliaklqana
  9081 | D:11     | Noticed a cyclops
  9095 | D:11     | Killed a cyclops
  9241 | D:11     | Learned a level 3 spell: Summon Guardian Golem
  9265 | D:11     | Found an opulent altar of Gozag.
  9402 | D:11     | Reached skill level 10 in Fighting
  9583 | D:11     | Noticed a cyclops
  9591 | D:11     | Killed a cyclops
  9632 | D:11     | Noticed a deep elf pyromancer
  9651 | D:11     | Killed a deep elf pyromancer
  9992 | D:12     | Noticed a two-headed ogre
 10000 | D:12     | Killed a two-headed ogre
 10106 | D:12     | Noticed a deep elf pyromancer
 10150 | D:12     | Killed a deep elf pyromancer
 10392 | D:12     | Reached XP level 12. HP: 68/72 MP: 13/13
 10400 | D:12     | Found an iron altar of Okawaru.
 11002 | D:13     | Found a gate leading to a gauntlet.
 11016 | Gauntlet | Entered a Gauntlet
 11016 | Gauntlet | Found a transporter.
 11016 | Gauntlet | Found a runed translucent door.
 11065 | Gauntlet | Found a runed translucent door.
 11071 | Gauntlet | Found a transporter.
 11074 | Gauntlet | Found a transporter.
 11075 | Gauntlet | Found a transporter.
 11083 | Gauntlet | Found a transporter.
 11086 | Gauntlet | Found a transporter.
 11087 | Gauntlet | Found a transporter.
 11098 | Gauntlet | Found a transporter.
 11099 | Gauntlet | Found a transporter.
 11103 | Gauntlet | Found a transporter.
 11106 | Gauntlet | Found the +3 pair of mountain boots {steadfast, rC+}
 11107 | Gauntlet | Found a transporter.
 11112 | Gauntlet | Found a transporter.
 11113 | Gauntlet | Found a transporter.
 11115 | Gauntlet | Noticed a blizzard demon
 11122 | Gauntlet | Found a transporter.
 11655 | Gauntlet | Reached skill level 10 in Dodging
 12063 | Gauntlet | Noticed a minotaur
 12089 | Gauntlet | Killed a minotaur
 12517 | D:13     | Identified the +9 broad axe of the Verdant God {venom, rC+
                  | Will+ Int+3 Dex+4}
 12853 | D:13     | Noticed a centaur warrior
 12853 | D:13     | Noticed a two-headed ogre
 12860 | D:13     | Killed a centaur warrior
 12867 | D:13     | Killed a two-headed ogre
 13049 | D:13     | Noticed a boulder beetle
 13062 | D:13     | Noticed a two-headed ogre
 13073 | D:13     | Killed a two-headed ogre
 13080 | D:13     | Killed a boulder beetle
 13212 | D:13     | Found a runed translucent door.
 13248 | D:13     | Noticed a tengu warrior
 13252 | D:13     | Killed by an exploding themself... ignited by their inner
                  | flame

Illustrated notes

Levels and vault maps discovered:
D:1:      tarquinn_simple_flora_water_a, layout_loops_cross, minmay_heptomino_h4
D:2:      layout_rooms, hellmonk_ecumenical_altar_defaced_shrine, basic_altar
D:3:      layout_loops_ring, chequers_hall_statues_corner_a,
          uniq_crazy_yiuf_cottage, uniq_terence
D:4:      layout_rooms, lemuel_tele_altar, minmay_temple_entry_ruins,
          minmay_diced_spiral
D:5:      layout_basic, nicolae_overflow_crystal_walls,
          chequers_temple_overflow_statue_of_worship, goddamned_bats, uniq_pikel
D:6:      layout_loops_cross, serial_shops, nicolae_shop_overgrown_old_shop,
          uniq_menkaure, uniq_blork_the_orc
D:7:      layout_loops_ring, uniq_joseph
D:8:      layout_loops_ring, grunt_qazlal_sundering, serial_shops, shop_statue,
          minmay_checkerbox
D:9:      layout_loops_ring, serial_shops, nicolae_take_the_stairs, shop, shop
D:11:     layout_rooms, nicolae_gozag_cash_rules_everything_around_me
D:12:     layout_rooms, roderic_roman_lattice, okawaru_humans
D:13:     layout_roguey, gauntlet_entry_generic, ebering_ghost_reflecting_pool,
          kennysheep_boxes
Temple:   eino_temple_scatter_basement

Skill      XL: |  1  2  3  4  5  6  7  8  9 10 11 12 |
---------------+-------------------------------------+-----
Polearms       | 4 5 6 7 8 10 12 14 | 14.0
Fighting       | 5 9 11 14 | 14.3
Dodging        | 4 7 9 10 | 10.2
Summonings     | 2 3 4 |  4.0
Stealth        | |  2.0

Action                     |  1- 3 |  4- 6 |  7- 9 | 10-12 || total
---------------------------+-------+-------+-------+-------++-------
  Melee: Spear             |   113 |   154 |    99 |       ||   366
         Peck              |    16 |    21 |    31 |    60 ||   128
         Kick              |    22 |    35 |    56 |    89 ||   202
         Punch             |       |     2 |     2 |     5 ||     9
         Trident           |       |       |   162 |   371 ||   533
   Fire: Arbalest          |       |       |       |    27 ||    27
   Cast: Call Canine Famil |       |       |       |    18 ||    18
         Summon Guardian G |       |       |       |    20 ||    20
 Invoke: Ancestor Life: Kn |       |     1 |       |       ||     1
         Recall Ancestor   |       |       |     3 |     4 ||     7
    Use: Scroll            |       |       |     9 |    11 ||    20
         Potion            |       |       |     1 |     8 ||     9
   Stab: Sleeping          |     7 |    11 |    10 |     4 ||    32
         Distracted        |       |       |     1 |     5 ||     6
 Armour: Robe              |    12 |    13 |    19 |       ||    44
         Leather armour    |       |       |     7 |    17 ||    24
         Acid dragon scale |       |       |       |    10 ||    10
  Dodge: Dodged            |    48 |    52 |   103 |   187 ||   390

Table legend: (Time is in decaauts)
 A = Elapsed time spent in this place.
 B = Non-inter-level travel time spent in this place.
 C = Inter-level travel time spent in this place.
 D = Time resting spent in this place.
 E = Time spent auto-exploring this place.
 F = Levels seen in this place.
 G = Mean time per level.
                   A        B        C        D        E       F      G
               +--------+--------+--------+--------+--------+-----+--------+
         Total |  12422 |  12090 |    332 |   3736 |   6109 |  14 |  887.3 |
       Dungeon |  10998 |  10674 |    324 |   2926 |   5919 |  12 |  916.5 |
        Temple |    172 |    164 |      8 |      0 |    134 |   1 |  172.0 |
      Gauntlet |   1252 |   1252 |      0 |    810 |     55 |   1 | 1252.0 |
               +--------+--------+--------+--------+--------+-----+--------+

Top non-repeatable levels by time:
     D:7: 1300 daAuts
Gauntlet: 1252 daAuts
     D:8: 1107 daAuts
     D:3: 1101 daAuts
     D:2: 1018 daAuts
     D:5: 928 daAuts
    D:13: 925 daAuts
    D:12: 904 daAuts
    D:11: 898 daAuts
     D:6: 809 daAuts
     D:4: 797 daAuts
     D:1: 777 daAuts
     D:9: 428 daAuts
  Temple: 172 daAuts
